 Dungeon Crawl Stone Soup version 0.21.1-1-g345015f (webtiles) character file.

10287 inc the Demolition Demonspawn (level 11, -10/83 HPs)
             Began as a Demonspawn Monk on June 13, 2018.
             Was an Elder of Makhleb.
             Mangled by a skeletal warrior
             ... wielding a cursed +0 flail
              (18 damage)
             ... on level 10 of the Dungeon.
             The game lasted 00:27:02 (11575 turns).

inc the Demolition Demonspawn (Demonspawn Monk)    Turns: 11575, Time: 00:27:02

Health: -10/83     AC:  3    Str: 12    XL:     11   Next: 34%
Magic:  18/18      EV: 24    Int: 17    God:    Makhleb [****..]
Gold:   477        SH:  0    Dex: 20    Spells: 7/10 levels left

rFire    . . .     SeeInvis .     - Unarmed
rCold    . . .     Gourm    .   (no shield)
rNeg     + . .     Faith    .   G - +0 leather armour "Xaqeu" {rElec rN+ Int+2} (curse)
rPois    .         Spirit   .   (helmet restricted)
rElec    +         Reflect  .   (no cloak)
rCorr    .         Harm     .   (no gloves)
MR       +....                  (no boots)
Stlth    +++.......             (no amulet)
HPRegen  0.23/turn              m - ring of protection from magic
MPRegen  0.16/turn              (no ring)

@: agile, drained
A: claws 2, hooves 2, horns 1, powered by pain 2
a: Minor Destruction, Lesser Servant of Makhleb, Major Destruction, Renounce
Religion


You were on level 10 of the Dungeon.
You worshipped Makhleb.
Makhleb was greatly pleased with you.
You were not hungry.

You visited 2 branches of the dungeon, and saw 12 of its levels.

You collected 477 gold pieces.

Inventory:

Hand Weapons
 a - a +1 mace
Armour
 b - a +0 robe
 f - a +0 shield
 n - a +0 ring mail
 q - a +0 helmet
 x - the +0 robe of the Manifold Ghosts {Dex+4}
   (You found it on level 8 of the Dungeon)

   It affects your dexterity (+4).
 y - a +0 troll leather armour
 G - the cursed +0 leather armour "Xaqeu" (worn) {rElec rN+ Int+2}
   (You found it on level 10 of the Dungeon)

   It affects your intelligence (+2).
   It insulates you from electricity.
   It protects you from negative energy.
   It has a curse placed upon it.
Jewellery
 m - a ring of protection from magic (left claw)
 C - an uncursed amulet of rage {unknown}
Wands
 d - a wand of random effects (15)
 l - a wand of disintegration (16)
 u - a wand of clouds (4)
Scrolls
 h - 3 scrolls of immolation
 i - 5 scrolls of identify {unknown}
 j - a scroll of noise {unknown}
 k - 5 scrolls of remove curse
 o - 4 scrolls of enchant armour {unknown}
 r - 3 scrolls of enchant weapon
 s - 2 scrolls of teleportation
 t - a scroll of magic mapping {unknown}
 z - a scroll of random uselessness {unknown}
 A - a scroll of blinking
 B - a scroll of amnesia {unknown}
Potions
 e - 4 potions of haste
 g - a potion of resistance
 p - 3 potions of might
 D - a potion of ambrosia
 F - a potion of invisibility {unknown}
Books
 v - a book of Misfortune

   Spells                             Type                      Level
   a - Confusing Touch                Hexes                        1
   b - Confuse                        Hexes                        3
   c - Gell's Gravitas                Translocation                3
   d - Petrify                        Transmutation/Earth          4
   e - Metabolic Englaciation         Hexes/Ice                    5
   f - Yara's Violent Unravelling     Hexes/Transmutation          5
 w - a book of Necromancy

   Spells                             Type                      Level
   a - Pain                           Necromancy                   1
   b - Animate Skeleton               Necromancy                   1
   c - Vampiric Draining              Necromancy                   3
   d - Regeneration                   Charms/Necromancy            3
   e - Animate Dead                   Necromancy                   4
   f - Borgnjor's Vile Clutch         Necromancy/Earth             5
 E - a book of Geomancy

   Spells                             Type                      Level
   a - Sandblast                      Earth                        1
   b - Passwall                       Transmutation/Earth          2
   c - Stone Arrow                    Conjuration/Earth            3
   d - Petrify                        Transmutation/Earth          4
   e - Lee's Rapid Deconstruction     Earth                        5
Comestibles
 c - 15 rations


   Skills:
 - Level 6.4(6.3) Fighting
 - Level 2.6 Maces & Flails
 - Level 4.0(3.9) Armour
 + Level 9.7(9.6) Dodging
 - Level 1.7(1.6) Stealth
 - Level 8.6(8.5) Unarmed Combat
 - Level 3.0(2.9) Hexes
 + Level 0.5(0.4) Earth Magic
 - Level 10.5(10.4) Invocations


You had 7 spell levels left.
You knew the following spells:

 Your Spells              Type           Power        Failure   Level  Hunger
a - Confusing Touch       Hex            ##....       9%          1    ##.....
b - Passwall              Tmut/Erth      #.........   38%         2    ###....


Dungeon Overview and Level Annotations

Branches:
Dungeon (11/15)            Temple (1/1) D:6            Lair (0/6) D:10
    Orc (0/2) D:10

Altars:
Ashenzari
Cheibriados
Dithmenos
Elyvilon
Gozag
Hepliaklqana
Kikubaaqudgha
Makhleb
Nemelex Xobeh
Okawaru
Qazlal
Ru
Sif Muna
Uskayaw
Vehumet
Xom
Yredelemnul
Zin
The Shining One

Shops:
D:4 =   D:7 *

Portals:
Abyss: D:1***

Annotations:
D:4 tidbits's ghost, amateur GnNe


Innate Abilities, Weirdness & Mutations

You have very sharp fingernails.
You have hoof-like feet.
You have a pair of small horns on your head.
You sometimes gain power by taking damage.


Message History

The skeletal warrior is severely damaged.
The skeletal warrior hits you with a flail!
* * * LOW HITPOINT WARNING * * *
You scratch the skeletal warrior but do no damage.
The skeletal warrior is severely damaged.
The skeletal warrior hits you with a flail!
* * * LOW HITPOINT WARNING * * *
Unknown command.
Okay, then.
You scratch the skeletal warrior but do no damage.
The skeletal warrior is severely damaged.
Unknown command.
You scratch the skeletal warrior but do no damage.
The skeletal warrior is severely damaged.
The skeletal warrior completely misses you.
Unknown command.
You claw the skeletal warrior! You kick the skeletal warrior.
The skeletal warrior is almost destroyed.
The skeletal warrior hits you with a flail!!
You die...

.........#
.........#
.........#
.........#
######'### #...#
####'### #######
#.....##### #.....#
'.....'...# #..@..#
#.....###.####.z...#
#.....# #...##.....#
#.....# ###.##.....#
#.....####...####..#
#.....#....8....#..#
#.....#.........#..#
#.....#.........#..#
###†###......)..#.##


You could see a skeletal warrior.

Vanquished Creatures
  The ghost of sking99 the Cleaver, a journeyman MiBe of Trog (D:10)
  2 two-headed ogres
  The ghost of inc the Blocker, a novice OpFi of Cheibriados (D:7)
  The ghost of inc the Basher, a novice DsMo of Wu Jian (D:6)
  Joseph (D:8)
  A gargoyle (D:10)
  Grinder (D:6)
  2 hippogriffs
  A spriggan (D:8)
  A wyvern (D:10)
  The ghost of davidchitty the Cudgeler, an amateur MiFi (D:3)
  A hungry ghost (D:10)
  Menkaure (D:7)
  Edmund (D:6)
  3 wargs (D:10)
  Duvessa (D:6)
  2 ice beasts
  An orc warrior (D:6)
  A black bear (D:7)
  6 phantoms
  2 sky beasts
  5 ogres
  A necrophage (D:9)
  9 bullfrogs
  Dowan (D:6)
  2 troll zombies (D:10)
  14 killer bees
  5 howler monkeys
  8 wights (D:10)
  A centaur zombie (D:3)
  2 hounds
  6 crimson imps
  4 jellies
  14 orc wizards
  8 orc priests
  2 bullfrog skeletons
  3 iguanas
  6 worker ants
  A killer bee zombie (D:8)
  5 ogre zombies (D:10)
  2 hound skeletons
  A worker ant zombie (D:10)
  9 adders
  A shadow imp (D:5)
  An adder skeleton (D:5)
  3 worms
  A dart slug (D:1)
  3 leopard geckos
  25 orcs
  4 ball pythons
  8 bats
  3 giant cockroaches
  11 hobgoblins
  11 jackals
  5 kobolds
  2 quokkas
  5 frilled lizards
  11 goblins
  2 goblin zombies (D:10)
  2 hobgoblin skeletons (D:10)
  4 hobgoblin zombies (D:10)
  A leopard gecko skeleton (D:6)
  2 leopard gecko zombies (D:5)
  3 orc skeletons (D:10)
  12 orc zombies (D:10)
  5 rats
266 creatures vanquished.

Vanquished Creatures (collateral kills)
  A troll (D:9)
  3 wights (D:9)
4 creatures vanquished.

Grand Total: 270 creatures vanquished

Notes
Turn   | Place    | Note
-------+----------+-------------------------------------------
     0 | D:1      | inc the Demonspawn Monk began the quest for the Orb.
     0 | D:1      | Reached XP level 1. HP: 18/18 MP: 1/1
   114 | D:1      | Gained mutation: You have sharp fingernails. [demonic ancestry]
   114 | D:1      | Reached XP level 2. HP: 5/24 MP: 2/2
   539 | D:1      | Reached skill level 1 in Unarmed Combat
   995 | D:2      | Gained mutation: You have large cloven feet. [demonic ancestry]
   995 | D:2      | Reached XP level 3. HP: 13/29 MP: 3/3
  1484 | D:2      | Gained mutation: You have very sharp fingernails. [demonic ancestry]
  1484 | D:2      | Reached XP level 4. HP: 21/35 MP: 4/4
  1913 | D:3      | Noticed davidchitty's ghost (amateur MiFi)
  2864 | D:3      | Gained mutation: You sometimes gain a little power by taking damage. [demonic ancestry]
  2864 | D:3      | Reached XP level 5. HP: 41/41 MP: 5/5
  3078 | D:3      | HP: 2/41 [davidchitty's ghost (16)]
  3082 | D:3      | Killed davidchitty's ghost
  3082 | D:3      | Reached skill level 5 in Unarmed Combat
  3082 | D:3      | Reached XP level 6. HP: 2/47 MP: 6/6
  3549 | D:4      | Found Otaeps's Jewellery Shoppe.
  3772 | D:4      | Reached XP level 7. HP: 43/52 MP: 7/7
  3832 | D:4      | Noticed tidbits's ghost (amateur GnNe)
  3878 | D:5      | Entered Level 5 of the Dungeon
  5038 | D:6      | Noticed inc's ghost (novice DsMo)
  5052 | D:5      | Learned a level 1 spell: Confusing Touch
  5091 | D:6      | Killed inc's ghost
  5091 | D:6      | Gained mutation: You sometimes gain power by taking damage. [demonic ancestry]
  5091 | D:6      | Reached XP level 8. HP: 17/58 MP: 3/8
  5319 | D:6      | Noticed Grinder
  5331 | D:6      | Killed Grinder
  5331 | D:6      | Reached skill level 1 in Armour
  5353 | D:6      | Noticed Duvessa
  5368 | D:6      | Noticed Dowan
  5374 | D:6      | Killed Duvessa
  5379 | D:6      | HP: 4/91 [poisoned by a worker ant]
  5381 | D:6      | Killed Dowan
  5385 | D:6      | HP: 3/91 [poisoned by a worker ant]
  5390 | D:6      | HP: 2/91 [poisoned by a worker ant]
  5397 | D:6      | HP: 2/91 [poisoned by a worker ant]
  5405 | D:6      | HP: 2/91 [poisoned by a worker ant]
  5421 | D:6      | Reached skill level 5 in Fighting
  5421 | D:6      | Reached XP level 9. HP: 6/68 MP: 9/9
  5993 | D:6      | Found a staircase to the Ecumenical Temple.
  6008 | Temple   | Entered the Ecumenical Temple
  6170 | Temple   | Became a worshipper of Makhleb the Destroyer
  6170 | Temple   | Reached * piety under Makhleb
  6170 | Temple   | Reached ** piety under Makhleb
  6320 | D:6      | Reached skill level 1 in Invocations
  6580 | D:6      | Noticed Edmund
  6613 | D:6      | Killed Edmund
  6613 | D:6      | Reached skill level 2 in Invocations
  6627 | D:6      | Reached skill level 3 in Invocations
  7223 | D:7      | Reached skill level 4 in Invocations
  7244 | D:7      | Reached skill level 5 in Invocations
  7311 | D:7      | Found a basalt altar of Yredelemnul.
  7339 | D:7      | Reached skill level 6 in Invocations
  7344 | D:7      | Noticed inc's ghost (novice OpFi)
  7629 | D:7      | Killed inc's ghost
  7629 | D:7      | Reached skill level 5 in Dodging
  8149 | D:7      | Noticed Menkaure
  8156 | D:7      | Killed Menkaure
  8163 | D:7      | Found an opulent altar of Gozag.
  8167 | D:7      | Found Gozag's Platinum Reserve.
  8209 | D:7      | Found a stormy altar of Qazlal.
  8298 | D:6      | Gained mutation: You have a pair of small horns on your head. [demonic ancestry]
  8298 | D:6      | Reached XP level 10. HP: 50/74 MP: 14/14
  8776 | D:8      | Found a deep blue altar of Sif Muna.
  8834 | D:8      | Reached *** piety under Makhleb
  8839 | D:8      | Reached skill level 7 in Invocations
  8896 | D:8      | Reached skill level 8 in Invocations
  8902 | D:8      | Noticed Joseph
  8915 | D:8      | Killed Joseph
  9165 | D:8      | Got a shimmering robe
  9176 | D:8      | Identified the +0 robe of the Manifold Ghosts {Dex+4} (You found it on level 8 of the Dungeon)
  9228 | D:8      | Reached skill level 9 in Invocations
  9539 | D:9      | Reached skill level 10 in Invocations
  9882 | D:9      | HP: 3/77 [poisoned by a killer bee]
 10104 | D:9      | Noticed a two-headed ogre
 10108 | D:9      | Killed a two-headed ogre
 10231 | D:10     | Entered Level 10 of the Dungeon
 10235 | D:10     | Noticed a gargoyle
 10238 | D:10     | Killed a gargoyle
 10250 | D:10     | Noticed sking99's ghost (journeyman MiBe)
 10302 | D:10     | Killed sking99's ghost
 10302 | D:10     | Gained mutation: You have hoof-like feet. [demonic ancestry]
 10302 | D:10     | Reached XP level 11. HP: 67/83 MP: 13/18
 10376 | D:10     | Noticed a two-headed ogre
 10403 | D:10     | Killed a two-headed ogre
 10578 | D:10     | Found a staircase to the Lair.
 10750 | D:10     | Reached **** piety under Makhleb
 10952 | D:10     | Found a staircase to the Orcish Mines.
 11159 | D:10     | Learned a level 2 spell: Passwall
 11372 | D:10     | Got a bloodstained leather armour
 11383 | D:10     | Identified the cursed +0 leather armour "Xaqeu" {rElec rN+ Int+2} (You found it on level 10 of the Dungeon)
 11533 | D:11     | Noticed a skeletal warrior
 11534 | D:11     | Noticed a skeletal warrior
 11534 | D:11     | Noticed a two-headed ogre
 11537 | D:11     | Noticed a skeletal warrior
 11575 | D:10     | Mangled by a skeletal warrior

Skill      XL: |  1  2  3  4  5  6  7  8  9 10 11 |
---------------+----------------------------------+-----
Dodging        | 3 6 8 9 |  9.7
Unarmed Combat | 1 2 4 5 6 8 |  8.6
Hexes          | 3 |  3.0
Armour         | 3 4 |  4.0
Fighting       | 5 6 |  6.4
Invocations    | 6 10 | 10.5
Maces & Flails | |  2.6
Stealth        | |  1.7
Earth Magic    | |  0.5

Action                   |  1- 3 |  4- 6 |  7- 9 | 10-12 || total
-------------------------+-------+-------+-------+-------++-------
Melee: Mace              |    99 |       |       |       ||    99
       Unarmed           |    35 |   147 |   321 |   371 ||   874
       Kick              |     9 |    37 |    67 |    92 ||   205
       Punch             |       |     3 |     9 |    20 ||    32
       Headbutt          |       |       |       |    56 ||    56
 Cast: Confusing Touch   |       |       |     7 |     1 ||     8
Invok: Minor Destruction |       |       |       |    49 ||    49
       Lesser Servant of |       |       |       |     6 ||     6
  Use: Potion            |     3 |       |    10 |     2 ||    15
       Scroll            |       |       |     7 |       ||     7
 Stab: Distracted        |     1 |       |       |       ||     1
       Sleeping          |     1 |     2 |       |       ||     3
       Confused          |       |       |     4 |       ||     4
  Eat: Chunk             |     2 |     7 |     6 |     7 ||    22
       Ration            |       |       |     3 |     1 ||     4
Armor: Robe              |    30 |     9 |       |       ||    39
       Ring mail         |       |     8 |    60 |    20 ||    88
       Skin              |       |       |     6 |       ||     6
       Troll leather arm |       |       |       |    32 ||    32
       Leather armour    |       |       |       |     1 ||     1
Dodge: Dodged            |   111 |    69 |   146 |   235 ||   561
